Cogmind - Beta 11.1 --- EXPLORER MODE // 2022.06.11 @ 22:38:32 // Winter2019/RPGLIKE Player: Grimbling Result: Smashed by cave-in Performance ------------- Evolutions (3) 1500 Regions Visited (11) 2200 Robots Destroyed (98) 490 Value Destroyed (2566) 2566 Prototype IDs (6) 120 Alien Tech Used (0) 0 Bonus (-264) -264 TOTAL SCORE: 6612 Bonus ------- Follower Combat Kills 298 Met Imprinter 300 Friendly Fire -862 Cogmind --------- Core Integrity 0/1000 Matter 7/700 Energy 189/200 System Corruption 0% Temperature Cool (7) Movement Treading (160) Location -7/Zion Parts ------- > --- POWER (2) -------- Light Angular Momentum Engine Light Angular Momentum Engine > --- PROPULSION (4) --- Improved Treads Spiked Medium Treads Spiked Medium Treads Spiked Medium Treads > --- UTILITY (7) ------ High-capacity Matter Pod Improved Signal Interpreter Improved Terrain Scanner Kinecellerator Medium Reactive Plating Improved Hardlight Generator Tractor Beam > --- WEAPON (4) ------- Gauss Rifle Gauss Rifle Gauss Rifle Heavy Rocket Launcher > --- INVENTORY (4) ---- Recoil Stabilizer Gauss Rifle Rocket Array Self-destruct Interrupter (50) Peak State ------------ > --- POWER ------------ Light Angular Momentum Engine Light Angular Momentum Engine > --- PROPULSION ------- Improved Treads Spiked Medium Treads Spiked Medium Treads Spiked Medium Treads > --- UTILITY ---------- High-capacity Matter Pod Improved Signal Interpreter Recoil Stabilizer Kinecellerator Makeshift Transmission Jammer Medium Reactive Plating Improved Hardlight Generator > --- WEAPON ----------- Gauss Rifle Gauss Rifle Gauss Rifle Gauss Rifle > --- INVENTORY -------- Improved Terrain Scanner Heavy Rocket Launcher Rocket Array Self-destruct Interrupter [Rating: 69] Favorites ----------- Power Light Angular Momentum Engine Engine Light Angular Momentum Engine Power Core Light Nuclear Core Propulsion Improved Carbon-fiber Leg Treads Spiked Medium Treads Leg Improved Carbon-fiber Leg Utility Tractor Beam Device Tractor Beam Storage High-capacity Matter Pod Processor Improved Signal Interpreter Protection Medium Reactive Plating Weapon Gauss Rifle Energy Gun Medium Laser Ballistic Gun Gauss Rifle Launcher Heavy Rocket Launcher Special Weapon Molecular Deconstructor Slashing Weapon Phasing Sabre Build | -11 -10 -10 -9 -9 -9 -8 -8 -7 -7 -7 -7 ------- Run | Scr Mat Min Mat Min Exi Min Mat Fac Low Low Zio Slots Evolved 13 | 4 . . 4 . . . 3 2 . . . Power 1 | 1 . . . . . . . . . . . Propulsion 3 | 1 . . 2 . . . . . . . . Utility 6 | 1 . . 2 . . . 2 1 . . . Weapon 3 | 1 . . . . . . 1 1 . . . Parts Attached 87 | 8 7 . 11 3 . . 11 8 4 2 33 Power 10 | 2 2 . 3 . . . . . . 2 1 Engine 9 | 2 2 . 3 . . . . . . 1 1 Core 1 | . . . . . . . . . . 1 . Reactor . | . . . . . . . . . . . . Propulsion 15 | 2 1 . 2 1 . . 4 1 . . 4 Treads 4 | . . . . . . . . . . . 4 Leg 11 | 2 1 . 2 1 . . 4 1 . . . Wheel . | . . . . . . . . . . . . Hover . | . . . . . . . . . . . . Flight . | . . . . . . . . . . . . Utility 20 | 2 1 . 2 1 . . 4 1 . . 9 Device 10 | 1 . . 1 . . . 1 1 . . 6 Storage 2 | . . . . 1 . . . . . . 1 Processor 2 | . . . 1 . . . 1 . . . . Hackware . | . . . . . . . . . . . . Protection 6 | 1 1 . . . . . 2 . . . 2 Artifact . | . . . . . . . . . . . . Weapon 42 | 2 3 . 4 1 . . 3 6 4 . 19 Energy Gun 3 | 2 . . . . . . . . . . 1 Energy Cannon . | . . . . . . . . . . . . Ballistic Gun 28 | . 3 . 4 1 . . 3 4 3 . 10 Ballistic Cannon . | . . . . . . . . . . . . Launcher 8 | . . . . . . . . 2 . . 6 Special Weapon 1 | . . . . . . . . . 1 . . Impact Weapon . | . . . . . . . . . . . . Slashing Weapon 2 | . . . . . . . . . . . 2 Piercing Weapon . | . . . . . . . . . . . . Special Melee Weapon . | . . . . . . . . . . . . Unidentified Prototypes 4 | . . . . . . . 1 2 1 . . Parts Lost . | . . . . . . . . . . . . Power . | . . . . . . . . . . . . Propulsion . | . . . . . . . . . . . . Utility . | . . . . . . . . . . . . Weapon . | . . . . . . . . . . . . Highest Loss Streak . | . . . . . . . . . . . . To Critical Strikes . | . . . . . . . . . . . . Average Slot Usage (%) 97 | . 99 100 75 99 100 100 98 97 99 99 99 Engine 10 | . 24 25 16 16 16 16 13 11 11 7 7 Core 1 | . . . . . . . . . . 2 2 Treads 4 | . . . . . . . . . . . 8 Leg 19 | . 25 25 16 33 33 33 26 23 23 23 14 Device 20 | . 12 12 15 16 16 16 17 22 23 23 23 Storage 4 | . . . . 7 8 8 6 5 5 5 5 Processor 3 | . . . . . . . 6 5 5 5 5 Protection 6 | . 11 12 8 8 8 8 8 5 5 5 4 Ballistic Gun 20 | . 20 25 16 15 16 16 17 19 22 23 22 Naked Turns . | . . . . . . . . . . . . Heaviest Build 75 | 15 15 14 23 24 24 24 34 44 41 45 75 Greatest Support 112 | 20 20 20 45 48 48 48 77 79 79 79 112 Greatest Overweight (x) 2 | . 1 . . . . . . . . . 2 Average Overweight (x) . | . . . . . . . . . . . . Largest Inventory Capacity 4 | 3 3 3 3 3 3 3 3 3 4 4 4 Average Capacity 3 | 3 3 3 3 3 3 3 3 3 3 4 4 Most Carried 4 | . 2 2 3 3 3 3 3 3 4 4 4 Average Carried 3 | . . 2 2 2 3 3 2 2 3 3 3 Final Capacity 4 | 3 3 3 3 3 3 3 3 3 4 4 4 Final Carried 4 | . 2 2 3 3 3 3 3 3 3 4 4 Class Distribution -------------------- 52% | Hacker-Skirmisher 19% | Scavenger-Skirmisher 13% | Scavenger-Gunner 10% | Hacker-Gunner Dominant Class ---------------- Hacker-Skirmisher | -10/Materials Hacker-Skirmisher | -10/Mines Hacker-Skirmisher | -9/Materials Hacker-Skirmisher | -9/Mines Scavenger-Skirmisher | -9/Exiles Scavenger-Skirmisher | -8/Mines Scavenger-Skirmisher | -8/Materials Hacker-Skirmisher | -7/Factory Hacker-Skirmisher | -7/Lower Caves Hacker-Skirmisher | -7/Lower Caves Hacker-Skirmisher | -7/Zion Resources | -11 -10 -10 -9 -9 -9 -8 -8 -7 -7 -7 -7 ----------- Run | Scr Mat Min Mat Min Exi Min Mat Fac Low Low Zio Matter Collected 5051 | 280 . 92 378 168 . 17 479 303 355 232 2747 Remotely 4579 | . . . 378 68 . 17 479 303 355 232 2747 Salvage Created 5097 | 32 . 134 331 114 . . 991 320 298 150 2727 Parts 377 | 5 4 3 27 11 . . 70 14 15 11 217 Haulers Intercepted 5 | . . . . . . . 3 2 . . . Recyclers Shooed 2 | . . . . . . . 2 . . . . Parts Field Recycled . | . . . . . . . . . . . . Retrieved Matter . | . . . . . . . . . . . . Parts Self-Destructed . | . . . . . . . . . . . . Prevented . | . . . . . . . . . . . . Kills | -11 -10 -10 -9 -9 -9 -8 -8 -7 -7 -7 -7 ------- Run | Scr Mat Min Mat Min Exi Min Mat Fac Low Low Zio Combat Hostiles Destroyed 50 | . 2 2 8 4 . . 10 2 6 5 11 Guns 47 | . 2 2 8 4 . . 10 2 6 5 8 AOE 3 | . . . . . . . . . . . 3 Classes Destroyed 15 | 1 1 1 2 1 . . 4 . . 1 4 Worker 4 | . . . . . . . 3 1 . . . Builder 5 | . . . . . . . 3 2 . . . Tunneler 2 | 2 . . . . . . . . . . . Hauler 5 | . . . . . . . 3 2 . . . Operator 3 | . . . . . . . 3 . . . . Watcher 7 | . . . 4 . . . 3 . . . . Swarmer 9 | . 2 . 2 3 . . . . 2 . . Grunt 15 | . . 2 1 . . . 5 2 2 3 . Duelist 3 | . . . . 1 . . . . 1 1 . Sentry 11 | . . . 5 . . . 5 . 1 . . Hunter 1 | . . . . . . . . . . 1 . Zionite 93 | . . . . . . . . . . . 93 Tinkerer 5 | . . . . . . . . . . . 5 Thug 3 | . . . . . . . . . . . 3 Butcher 2 | . . . . . . . . . . . 2 Marauder 2 | . . . . . . . . . . . 2 Mutant 5 | . . . . . . . . . . . 5 Best Kill Streak 15 | 2 2 2 3 3 . . 8 2 6 5 15 Combat Bots Only 6 | . 2 2 2 3 . . 3 1 6 5 3 Max Kills in Single Turn 3 | 1 1 1 2 2 . . 2 1 2 2 3 Gunslinging 1 | . . . . 1 . . 1 . 1 1 1 Exploded 3 | . . . . . . . . . . . 3 Melee . | . . . . . . . . . . . . Uniques/NPCs Destroyed 1 | . . . . . . . . . . . 1 Imprinter (-7/Zion) Combat | -11 -10 -10 -9 -9 -9 -8 -8 -7 -7 -7 -7 -------- Run | Scr Mat Min Mat Min Exi Min Mat Fac Low Low Zio Damage Taken 2376 | . . 62 199 78 . . 249 67 204 74 1443 Core 1791 | . . 49 123 56 . . 167 51 155 52 1138 Absorbed by Shields 295 | . . . . . . . . . . . 295 Redirected to Core 1501 | . . 40 104 25 . . 145 40 146 52 949 Core Remaining (%) 97 | 100 . 91 . . . 100 100 . . . . Volleys Fired 327 | 3 2 11 26 6 . . 41 17 9 6 206 Largest 4 | 2 2 2 2 2 . . 3 4 4 4 4 Hottest 134 | 90 90 40 46 46 . . 78 112 112 112 134 Shots Fired 1118 | 6 4 22 52 12 . . 109 64 36 24 789 Gun 1108 | 6 4 22 52 12 . . 109 64 36 24 779 Cannon . | . . . . . . . . . . . . Launcher 10 | . . . . . . . . . . . 10 Special . | . . . . . . . . . . . . Kinetic 1096 | . . 22 52 12 . . 109 64 36 24 777 Thermal 12 | 6 4 . . . . . . . . . 2 Explosive 10 | . . . . . . . . . . . 10 Electromagnetic . | . . . . . . . . . . . . Robot Hit Streak 44 | 6 8 6 19 6 . . 25 33 36 30 44 Robot Miss Streak 3 | . . 1 2 1 . . 1 . 1 . 3 Penetration Max 1 | . . . . . . . 1 . . 1 1 Secondary Targets 25 | . . 1 . 2 . . 2 . 2 2 16 Max Gunslinging Chain 2 | . . 1 . 1 . . 1 . 1 2 2 Shots Hit Robots 571 | 6 2 18 42 10 . . 79 23 24 21 346 Core Hits 253 | 2 2 7 22 7 . 1 39 8 10 10 145 Critical Kills 7 | . . . . . . . . 1 2 1 3 Critical Parts Destroyed 12 | . . . . . . . 1 1 . . 10 Critical Strikes 20 | . . . . . . . 1 2 2 1 14 Burn 1 | . . . . . . . . . . . 1 Destroy 19 | . . . . . . . 1 2 2 1 13 Melee Attacks 18 | . . . . . . . . . . . 18 Impact . | . . . . . . . . . . . . Slashing 18 | . . . . . . . . . . . 18 Piercing . | . . . . . . . . . . . . Sneak Attacks . | . . . . . . . . . . . . Combat Hostiles . | . . . . . . . . . . . . Follow-up Attacks . | . . . . . . . . . . . . Damage Inflicted 13491 | 67 25 152 614 167 . 10 1546 513 525 476 9396 Guns 12504 | 67 25 152 600 163 . . 1507 466 525 476 8523 Cannons . | . . . . . . . . . . . . Explosions 873 | . . . . . . . . . . . 873 Melee . | . . . . . . . . . . . . Ramming 114 | . . . 14 4 . 10 39 47 . . . Kinetic 12380 | . . 152 600 163 . . 1507 466 525 476 8491 Thermal 124 | 67 25 . . . . . . . . . 32 Explosive 873 | . . . . . . . . . . . 873 Electromagnetic . | . . . . . . . . . . . . Impact . | . . . . . . . . . . . . Slashing . | . . . . . . . . . . . . Piercing . | . . . . . . . . . . . . Highest Corruption 1 | . . . 1 1 1 1 . . . . . Average Corruption 1 | . . . 1 1 1 1 . . . . . Corruption Purged . | . . . . . . . . . . . . Corruption Blocked . | . . . . . . . . . . . . Effects 7 | . . . . 2 3 2 . . . . . Message Errors 2 | . . . . 1 . 1 . . . . . Matter Fused 2 | . . . . . 2 . . . . . . Heat Flow Errors 1 | . . . . 1 . . . . . . . Data Loss (minor) 2 | . . . . . 1 1 . . . . . Overload Shots . | . . . . . . . . . . . . Overflow Damage 1 | . . . . . . . . . . . 1 Projectiles . | . . . . . . . . . . . . Explosions 1 | . . . . . . . . . . . 1 Melee . | . . . . . . . . . . . . Knockbacks 1 | . . . . . . . 1 . . . . Impact 1 | . . . . . . . 1 . . . . Kinetic . | . . . . . . . . . . . . Secondary . | . . . . . . . . . . . . Self-Inflicted Damage . | . . . . . . . . . . . . Shots . | . . . . . . . . . . . . Rammed . | . . . . . . . . . . . . Targets Rammed 17 | . . . 2 3 . 2 6 4 . . . Kicked 17 | . . . 2 3 . 2 6 4 . . . Crushed . | . . . . . . . . . . . . Highest Temperature 64 | . . . . 64 . . 20 . . . . Average Temperature 26 | . . . . 36 . . 15 . . . . Received Heat Transfer 541 | . . 57 114 12 . . 189 63 63 9 34 Siege Activations . | . . . . . . . . . . . . Robots Corrupted . | . . . . . . . . . . . . Combat Hostiles . | . . . . . . . . . . . . Parts Fried . | . . . . . . . . . . . . Impact Corruptions . | . . . . . . . . . . . . Robots Melted . | . . . . . . . . . . . . Combat Hostiles . | . . . . . . . . . . . . Parts Melted 6 | 2 . . . . . . 1 . . 1 2 Heat Transferred 408 | 186 74 . . . . . . . . . 148 Parts Sabotaged . | . . . . . . . . . . . . Parts Stolen . | . . . . . . . . . . . . Parts Stripped . | . . . . . . . . . . . . Power Chain Reactions . | . . . . . . . . . . . . Missiles Intercepted . | . . . . . . . . . . . . Alert | -11 -10 -10 -9 -9 -9 -8 -8 -7 -7 -7 -7 ------- Run | Scr Mat Min Mat Min Exi Min Mat Fac Low Low Zio Peak Influence 267 | 10 57 119 267 185 . . 219 39 . . . Initial 54 | . 4 15 32 54 . . . . . . . Average 64 | 4 47 53 114 141 . . 93 10 . . . Maximum Alert Level 1 | . . . 1 . . . 1 . . . . Low Security (%) 95 | 100 100 100 84 100 . 100 91 100 . . . Level 1 4 | . . . 15 . . . 8 . . . . Level 2 . | . . . . . . . . . . . . Level 3 . | . . . . . . . . . . . . Level 4 . | . . . . . . . . . . . . Level 5 . | . . . . . . . . . . . . High Security . | . . . . . . . . . . . . Max Security . | . . . . . . . . . . . . Squads Dispatched 4 | . . . 1 . . . 2 1 . . . Investigation 2 | . . . 1 . . . . 1 . . . Extermination . | . . . . . . . . . . . . Reinforcement 2 | . . . . . . . 2 . . . . Assault . | . . . . . . . . . . . . Garrison . | . . . . . . . . . . . . Intercept . | . . . . . . . . . . . . Searches Triggered . | . . . . . . . . . . . . Construction Impeded . | . . . . . . . . . . . . Haulers Reinforced . | . . . . . . . . . . . . Active Scanning Responses . | . . . . . . . . . . . . Cargo Convoy Interrupts . | . . . . . . . . . . . . Stealth | -11 -10 -10 -9 -9 -9 -8 -8 -7 -7 -7 -7 --------- Run | Scr Mat Min Mat Min Exi Min Mat Fac Low Low Zio Distress Signals 1 | . . . 1 . . . . . . . . Communications Jammed . | . . . . . . . . . . . . Distress Signals . | . . . . . . . . . . . . Times Spotted 162 | . 2 4 18 5 . . 15 2 6 5 105 Peak Tracking Total 5 | . 2 2 4 3 . . 3 1 5 3 5 Tactical Retreats 1 | . . . . . . . . . . . 1 Traps | -11 -10 -10 -9 -9 -9 -8 -8 -7 -7 -7 -7 ------- Run | Scr Mat Min Mat Min Exi Min Mat Fac Low Low Zio Traps Triggered 5 | . 2 . . . . . 1 2 . . . Indirectly . | . . . . . . . . . . . . Trap Hack Attempts . | . . . . . . . . . . . . Triggered . | . . . . . . . . . . . . Disarmed 16 | . . . . . . . 6 10 . . . Reprogrammed . | . . . . . . . . . . . . Reused . | . . . . . . . . . . . . Traps Extracted . | . . . . . . . . . . . . Installed . | . . . . . . . . . . . . Triggered . | . . . . . . . . . . . . Machines | -11 -10 -10 -9 -9 -9 -8 -8 -7 -7 -7 -7 ---------- Run | Scr Mat Min Mat Min Exi Min Mat Fac Low Low Zio Machines Disabled 8 | . . . . 1 . . 1 . 1 . 5 Max in Single Turn 1 | . . . . 1 . . 1 . 1 . 1 Garrison Access 1 | . . . . . . . 1 . . . . Machines Sabotaged . | . . . . . . . . . . . . Garrisons Compromised . | . . . . . . . . . . . . Overloaded Fab Kills . | . . . . . . . . . . . . Hacking | -11 -10 -10 -9 -9 -9 -8 -8 -7 -7 -7 -7 --------- Run | Scr Mat Min Mat Min Exi Min Mat Fac Low Low Zio Machines Accessed 16 | . 1 . 3 . . . 6 5 . 1 . Terminals 14 | . 1 . 3 . . . 5 5 . . . Fabricators . | . . . . . . . . . . . . Repair Stations . | . . . . . . . . . . . . Recycling Units . | . . . . . . . . . . . . Scanalyzers . | . . . . . . . . . . . . Garrison Access 1 | . . . . . . . 1 . . . . Total Hacks 37 | . 3 . 8 . . . 13 12 . 1 . Successful 19 | . 1 . 3 . . . 7 7 . 1 . Failed 18 | . 2 . 5 . . . 6 5 . . . Catastrophic 3 | . . . 1 . . . . 2 . . . Database Lockouts . | . . . . . . . . . . . . Manual 24 | . 3 . 5 . . . 8 7 1 . . Terminals 35 | . 3 . 8 . . . 12 12 . . . Fabricators . | . . . . . . . . . . . . Repair Stations . | . . . . . . . . . . . . Recycling Units . | . . . . . . . . . . . . Scanalyzers . | . . . . . . . . . . . . Garrison Access 1 | . . . . . . . 1 . . . . Terminal Hacks 16 | . . . 3 . . . 5 7 . 1 . Prototype ID Bank 1 | . . . . . . . . 1 . . . Open Door 1 | . . . . . . . . . . 1 . Branch Access Points 2 | . . . . . . . 1 1 . . . Unreport Threat 8 | . . . 3 . . . 3 2 . . . Disarm Traps 3 | . . . . . . . 1 2 . . . Recall Investigation 1 | . . . . . . . . 1 . . . Fabricator Hacks . | . . . . . . . . . . . . Repair Station Hacks . | . . . . . . . . . . . . Recycling Unit Hacks . | . . . . . . . . . . . . Scanalyzer . | . . . . . . . . . . . . Garrison Access Hacks 1 | . . . . . . . 1 . . . . Seal Access 1 | . . . . . . . 1 . . . . Unauthorized Hacks 2 | . 1 . . . . . 1 . . . . Terminals 2 | . 1 . . . . . 1 . . . . Botnet 2 | . 1 . . . . . 1 . . . . Fabricators . | . . . . . . . . . . . . Repair Stations . | . . . . . . . . . . . . Recycling Units . | . . . . . . . . . . . . Scanalyzers . | . . . . . . . . . . . . Garrison Access . | . . . . . . . . . . . . Data Cores Recovered 1 | . . . . . . . 1 . . . . Used . | . . . . . . . . . . . . Hacking Detections 13 | . 1 . 3 . . . 4 5 . . . Full Trace Events 2 | . . . 2 . . . . . . . . Feedback Events 1 | . . . 1 . . . . . . . . Corruption 1 | . . . 1 . . . . . . . . Feedback Blocked . | . . . . . . . . . . . . Robot Schematics Acquired 3 | . . . . . . . . . . . 3 Robots Built . | . . . . . . . . . . . . Authchips . | . . . . . . . . . . . . Time . | . . . . . . . . . . . . Total Robot Build Rating . | . . . . . . . . . . . . Part Schematics Acquired 15 | . . . . . . . . . . . 15 Parts Built . | . . . . . . . . . . . . Authchips . | . . . . . . . . . . . . Time . | . . . . . . . . . . . . Total Part Build Rating . | . . . . . . . . . . . . Parts Repaired . | . . . . . . . . . . . . Time . | . . . . . . . . . . . . Parts Recycled . | . . . . . . . . . . . . Recycled Matter . | . . . . . . . . . . . . Retrieved Matter . | . . . . . . . . . . . . Retrieved Components . | . . . . . . . . . . . . Parts Scanalyzed . | . . . . . . . . . . . . Part Schematics Acquired . | . . . . . . . . . . . . Parts Damaged . | . . . . . . . . . . . . Bothacking | -11 -10 -10 -9 -9 -9 -8 -8 -7 -7 -7 -7 ------------ Run | Scr Mat Min Mat Min Exi Min Mat Fac Low Low Zio Used RIF Installer . | . . . . . . . . . . . . Robots Hacked . | . . . . . . . . . . . . Non-combat . | . . . . . . . . . . . . Combat . | . . . . . . . . . . . . Robot Hacks Applied . | . . . . . . . . . . . . Relay Couplers Released . | . . . . . . . . . . . . Fabnet Peak Effective % . | . . . . . . . . . . . . Robots Rewired 1 | . . . . . . . . . 1 . . Allies Hacked . | . . . . . . . . . . . . Hacks Repelled . | . . . . . . . . . . . . Allies | -11 -10 -10 -9 -9 -9 -8 -8 -7 -7 -7 -7 -------- Run | Scr Mat Min Mat Min Exi Min Mat Fac Low Low Zio Total Allies 6 | . . 3 . 2 . . . . 1 . . Largest Group 4 | . . 3 3 4 4 2 2 . 1 1 1 Highest-Rated Group 72 | . . 40 40 72 72 24 24 . 16 16 16 Highest-Rated Ally 31 | . . 16 16 31 31 16 16 . 16 16 16 Total Orders . | . . . . . . . . . . . . Ally Attacks 83 | . . 14 18 3 . . 23 . . 5 20 Total Damage 837 | . . 134 156 32 . . 230 . . 64 221 Kills 13 | . . 2 5 1 . . 3 . . . 2 Allies Corrupted . | . . . . . . . . . . . . Allies Melted . | . . . . . . . . . . . . Intel | -11 -10 -10 -9 -9 -9 -8 -8 -7 -7 -7 -7 ------- Run | Scr Mat Min Mat Min Exi Min Mat Fac Low Low Zio Robot Analysis Total . | . . . . . . . . . . . . Derelict Logs Recovered 3 | . . 1 . . . . . . . . 2 Drone Launches . | . . . . . . . . . . . . Drone Recoveries . | . . . . . . . . . . . . Exploration | -11 -10 -10 -9 -9 -9 -8 -8 -7 -7 -7 -7 ------------- Run | Scr Mat Min Mat Min Exi Min Mat Fac Low Low Zio Turns Passed 9752 | 122 248 353 665 290 215 380 822 716 389 263 5289 Spaces Moved 6283 | 85 177 271 462 203 148 315 556 512 275 188 3091 Core 1 | 1 . . . . . . . . . . . Treads 927 | . . . . . . . . . . . 927 Legs 5355 | 84 177 271 462 203 148 315 556 512 275 188 2164 Wheels . | . . . . . . . . . . . . Hover . | . . . . . . . . . . . . Flight . | . . . . . . . . . . . . Fastest Speed 50 | 50 120 120 120 120 120 120 120 120 122 122 122 Average Speed 127 | 119 120 120 120 120 120 120 120 121 122 122 133 Slowest Speed 360 | 120 190 120 120 120 120 120 120 122 122 122 360 Overloaded Moves . | . . . . . . . . . . . . Propulsion Burnouts . | . . . . . . . . . . . . Robots Hopped . | . . . . . . . . . . . . Cave-ins Triggered 3 | . . . . . . . . . . . 3 Exploration Rate (%) 47 | 6 28 74 30 50 51 63 53 19 60 39 91 Regions Visited 11 Branch Regions 7 Pre-discovered Areas 2 | . . . . . . . . . . . 2 Known Exits Taken 11 | 1 1 1 1 1 1 1 1 1 1 1 . Unknown Exits Taken . | . . . . . . . . . . . . Scrap Searched 3 | . . . . . . . . . 2 . 1 Spaces Dug 13 | . . . . . . . . 1 . . 12 Terrain Destroyed 57 | . . . . . . . . 2 1 . 54 Melee . | . . . . . . . . . . . . Projectile 17 | . . . . . . . . . 1 . 16 AOE 37 | . . . . . . . . . . . 37 Terrain Rammed . | . . . . . . . . . . . . Walls Destroyed . | . . . . . . . . . . . . Machines Disabled . | . . . . . . . . . . . . Actions | -11 -10 -10 -9 -9 -9 -8 -8 -7 -7 -7 -7 --------- Run | Scr Mat Min Mat Min Exi Min Mat Fac Low Low Zio Total 7294 | 95 207 281 527 239 185 316 654 566 306 207 3711 Wait 409 | . 13 . . 9 38 . 5 13 . . 331 Move 6270 | 84 176 270 461 202 147 314 555 511 274 187 3089 Hop . | . . . . . . . . . . . . Pick Up 22 | . 3 . 3 1 . . 6 3 . 1 5 Fast Attach 53 | 8 6 . 6 3 . . 6 5 3 2 14 Attach 10 | . 1 . 2 . . . . 1 1 . 5 Detach 9 | . 2 . 1 1 . . . . 1 2 2 Swap 24 | . . . 3 . . . 5 2 . . 14 Drop 53 | . 2 . 7 2 . . 14 7 2 2 17 Fire 327 | 3 2 11 26 6 . . 41 17 9 6 206 Melee 18 | . . . . . . . . . . . 18 Ram . | . . . . . . . . . . . . Kick 17 | . . . 2 3 . 2 6 4 . . . Crush . | . . . . . . . . . . . . Escape Stasis 1 | . . . . . . . . . . . 1 Rewire 4 | . . . . . . . . . 4 . . Trap . | . . . . . . . . . . . . Miscellaneous 77 | . 2 . 16 12 . . 16 3 12 7 9 Route ------- -11/Scrapyard -10/Materials -10/Mines -9/Materials (discovered 3 exits: Mat / *Min x2) -9/Mines (discovered 2 exits: *Mat / *Exi) -9/Exiles (discovered 2 exits: *Min x2) -8/Mines -8/Materials -7/Factory (discovered 5 exits: *Fac / Sto x2 / *Low x2) -7/Lower Caves -7/Lower Caves -7/Zion (discovered 2 exits: Dee / *Pro) History --------- Turn | Location | Event 1 | -11/Scrapyard | Upgraded with Power slot (x1) 1 | -11/Scrapyard | Upgraded with Propulsion slot (x1) 1 | -11/Scrapyard | Upgraded with Utility slot (x1) 1 | -11/Scrapyard | Upgraded with Weapon slot (x1) 15 | -11/Scrapyard | Identified exit to Materials 15 | -11/Scrapyard | Discovered exit to Materials (range 15) 123 | -11/Scrapyard | Entered Materials 138 | -10/Materials | Identified exit to Mines 138 | -10/Materials | Discovered exit to Mines (range 13) 305 | -10/Materials | Build established: Hacker-Skirmisher 371 | -10/Materials | Entered Mines 425 | -10/Mines | Assisted by bots powering up and referring to "LRC-V3" 524 | -10/Mines | Learned Materials terminal intel 683 | -10/Mines | Identified exit to Materials 683 | -10/Mines | Discovered exit to Materials (range 12) 724 | -10/Mines | Entered Materials 724 | -9/Materials | Accompanied by 3 allies 725 | -9/Materials | Loaded intel: 12 terminal locations 726 | -9/Materials | Reached level 2 726 | -9/Materials | Reached level 3 726 | -9/Materials | Reached level 4 732 | -9/Materials | Upgraded with Propulsion slot (x2) 732 | -9/Materials | Upgraded with Utility slot (x2) 831 | -9/Materials | Identified exit to Mines 831 | -9/Materials | Discovered exit to Mines (range 17) 1108 | -9/Materials | Identified exit to Materials 1108 | -9/Materials | Discovered exit to Materials (range 9) 1196 | -9/Materials | Reached level 5 1286 | -9/Materials | Discovered exit to Mines (range 9) 1389 | -9/Materials | Entered Mines 1389 | -9/Mines | Accompanied by 2 allies 1485 | -9/Mines | Discovered exit to Materials (range 6) 1562 | -9/Mines | Reached level 6 1603 | -9/Mines | Identified exit to Exiles 1603 | -9/Mines | Discovered exit to Exiles (range 11) 1664 | -9/Mines | Deemed a non-threat by the Exiles lab entrance 1679 | -9/Mines | Entered Exiles 1679 | -9/Exiles | Accompanied by 4 allies 1695 | -9/Exiles | Identified exit to Mines 1695 | -9/Exiles | Discovered exit to Mines (range 16) 1709 | -9/Exiles | Led the pair of lost Derelicts to a safe place 1712 | -9/Exiles | Met 8R-AWN 1729 | -9/Exiles | Met EX-HEX 1773 | -9/Exiles | Met EX-DEC 1845 | -9/Exiles | Discovered exit to Mines (range 10) 1870 | -9/Exiles | Build established: Scavenger-Skirmisher 1894 | -9/Exiles | Entered Mines 1894 | -8/Mines | Accompanied by 2 allies 2214 | -8/Mines | Discovered exit to Materials (range 13) 2274 | -8/Mines | Entered Materials 2274 | -8/Materials | Accompanied by 2 allies 2276 | -8/Materials | Reached level 7 2277 | -8/Materials | Upgraded with Utility slot (x2) 2332 | -8/Materials | Reached level 8 2569 | -8/Materials | Upgraded with Weapon slot (x1) 2743 | -8/Materials | Reached level 9 2977 | -8/Materials | Identified exit to Factory 2977 | -8/Materials | Discovered exit to Factory (range 15) 3096 | -8/Materials | Entered Factory 3098 | -7/Factory | Reached level 10 3104 | -7/Factory | Upgraded with Utility slot (x1) 3104 | -7/Factory | Upgraded with Weapon slot (x1) 3242 | -7/Factory | Build established: Hacker-Skirmisher 3353 | -7/Factory | Identified exit to Storage 3353 | -7/Factory | Identified exit to Lower Caves 3718 | -7/Factory | Found Prototype Launcher 3718 | -7/Factory | Identified Rocket Array 3726 | -7/Factory | Identified exit to Factory 3726 | -7/Factory | Discovered exit to Factory (range 14) 3812 | -7/Factory | Entered Lower Caves 3814 | -7/Lower Caves | Reached level 11 3828 | -7/Lower Caves | Attracted the attention of an 0b10 outpost 4049 | -7/Lower Caves | Acquired the password to a Derelict Tinkerer's latest research 4064 | -7/Lower Caves | Found Prototype Special Weapon 4064 | -7/Lower Caves | Identified Molecular Deconstructor 4163 | -7/Lower Caves | Identified exit to Lower Caves 4163 | -7/Lower Caves | Discovered exit to Lower Caves (range 16) 4201 | -7/Lower Caves | Entered another Lower Caves area 4201 | -7/Lower Caves | Accompanied by 1 ally 4263 | -7/Lower Caves | Encountered a Warlord checkpoint 4271 | -7/Lower Caves | Reached level 12 4436 | -7/Lower Caves | Identified exit to Zion 4436 | -7/Lower Caves | Discovered exit to Zion (range 11) 4464 | -7/Lower Caves | Entered Zion 4464 | -7/Zion | Accompanied by 1 ally 4644 | -7/Zion | Identified exit to Proximity Caves 4644 | -7/Zion | Discovered exit to Proximity Caves (range 14) 4824 | -7/Zion | Given the Hacking Drone Bay 5030 | -7/Zion | Learned location of Data Miner (-6) 5051 | -7/Zion | Learned location of Recycling (-7) 5130 | -7/Zion | Learned Factory garrison access intel 5290 | -7/Zion | Identified exit to Deep Caves 5290 | -7/Zion | Discovered exit to Deep Caves (range 10) 6535 | -7/Zion | Attacked by Zionites 6538 | -7/Zion | Destroyed Imprinter 6931 | -7/Zion | Build established: Hacker-Gunner 7581 | -7/Zion | Spotted XS-B6Q(B) 7599 | -7/Zion | Spotted CO-SHO(B) 7634 | -7/Zion | Destroyed CO-SHO(B) 7670 | -7/Zion | Destroyed XS-B6Q(B) 8002 | -7/Zion | Build established: Scavenger-Gunner 9300 | -7/Zion | Build established: Scavenger-Skirmisher 9569 | -7/Zion | Crushed by falling debris 9569 | -7/Zion | Core integrity fell below 50% 9585 | -7/Zion | Crushed by falling debris 9586 | -7/Zion | Core integrity fell below 20% 9753 | -7/Zion | Crushed by falling debris 9753 | -7/Zion | Smashed by cave-in Last Messages --------------- 09409_ The unstable cave ceiling collapses. 09410_ Slug penetrates Reinforced Barrier. 09419_ Slug penetrates Earth. 09420_ The unstable cave ceiling collapses. 09426_ Slug penetrates Wall. 09428_ The unstable cave ceiling collapses. 09429_ Slug penetrates Wall. 09429_ Slug penetrates Earth. 09429_ Slug penetrates Wall. 09552_ The unstable cave ceiling collapses. 09554_ Slug penetrates Earth. 09558_ The unstable cave ceiling collapses. 09564_ Slug penetrates Wall. 09567_ Slug penetrates Earth. 09569_ The unstable cave ceiling collapses. 09569_ Crushed by falling debris. 09585_ The unstable cave ceiling collapses. 09585_ Crushed by falling debris. 09753_ The unstable cave ceiling collapses. 09753_ Crushed by falling debris. Map ----- +----------------------------------------------------+ | ????????????????#?###??######### | | ?????????????????#?####?#?####?# | | ???????????????##?####?######### | | ????????????##?##?############?# | | ???????????#?##?##############?? | | ????????????#?##?####?######?### | | ?????????????################### | | ???????#?#?##################### | | ??##############?############?## | | ################################ | | ################################ | | ################################ | | ################################ | | #######################[[[### " | | #######################[ " " | | #######################[ # | | #######################/ !" # | | #######################!] ### # | | ############################## | | ###############"#"#######"#### | | #############"##"####"# ""###" | | #######################* " ##"" | | ############""# " "#"" | | ####### ####""#X X X#= ""#""" | | ####### ##"############ ="""" | | #######@#### " " " [[ | | ####### ##"# " " " = * | | ####### #### ####### *=!" | | ##########"# > # = = = | | ######### # # # ### | | ###### ######## ## # #"###"" | | ###### ## ########" | | ############"# ####""### "" | | ############## # ####"""""# """ | | ############ # #####" """ | | ######################"" | | ######################"""""# | | #######################""### | | ##########################"" | | ##########################""" | | ##########################"#" | | ##########################""" | | ############################" | | ###########################" " | | ############################ | | ?############################ ! | | ###############?###########""" | | ?????#????##?##############""" " | | ????????#?#################"#""" | | ????????###################"#"" | +----------------------------------------------------+ Best States ------------- Heat Dissipation 73 Energy Generation 31 Energy Capacity 415 Matter Stores 650 Matter Capacity 700 Sight Range 20 Robot Scan Range 20 Terrain Scan Range 16 Terrain Scan Density 310 Armor Coverage 300 Resistance: KI 65 Resistance: TH 35 Resistance: EX 35 Resistance: EM 35 Resistance: I 35 Resistance: S 35 Resistance: P 35 Evasion (%) 55 Recoil Reduction 8 Kinecelleration 30 Offensive Hacking 20 Item Schematics ----------------- Flak Gun | -7/Zion | Archive Adv. Signal Interpreter | -7/Zion | Archive Adv. ECM Suite | -7/Zion | Archive Lgt. Fission Core | -7/Zion | Archive Adv. Assault Cannon | -7/Zion | Archive Energy Well | -7/Zion | Archive Mak. Axe | -7/Zion | Archive Lyr. Heavy Armor Plating | -7/Zion | Archive Imp. Transmission Jammer | -7/Zion | Archive Armor Integrity Analyzer | -7/Zion | Archive Hvy. Flak Cannon | -7/Zion | Archive Mak. Flight Unit | -7/Zion | Archive Adv. Melee Analysis Suite | -7/Zion | Archive Imp. Cryofiber Web | -7/Zion | Archive Mak. Sword | -7/Zion | Archive Robot Schematics ------------------ T-07 Excavator | -7/Zion | Archive L-41 Fighter | -7/Zion | Archive X-82 Rainmaker | -7/Zion | Archive Fabricated ------------ Nothing Alien Tech Used ----------------- None Achievements -------------- None Challenges ------------ None RPGLIKE | -11 -10 -10 -9 -9 -9 -8 -8 -7 -7 -7 -7 --------- Run | Scr Mat Min Mat Min Exi Min Mat Fac Low Low Zio Levels Raised 11 | . . . 4 1 . . 3 1 1 1 . XP Earned 23738 | 6000 250 1049 5209 1147 200 649 4055 2279 1100 1150 650 XP Spent 22485 | 6000 . . 5425 . . . 4380 3655 1000 . 2025 Upgrades 58 | 24 . . 12 . . . 11 5 1 . 5 Power Slot 1 | 1 . . . . . . . . . . . Propulsion Slot 3 | 1 . . 2 . . . . . . . . Utility Slot 6 | 1 . . 2 . . . 2 1 . . . Weapon Slot 3 | 1 . . . . . . 1 1 . . . Core Integrity 8 | . . . . . . . 8 . . . . Heat Dissipation 8 | 8 . . . . . . . . . . . Matter Storage 4 | . . . 4 . . . . . . . . Mass Support 1 | . . . 1 . . . . . . . . Inventory Capacity 4 | 3 . . . . . . . . 1 . . Sight Range 2 | . . . 2 . . . . . . . . Sensor Range 10 | 5 . . 1 . . . . 2 . . 2 Terrain Scan Density 3 | 2 . . . . . . . 1 . . . Ranged Accuracy 2 | 2 . . . . . . . . . . . KI Damage % 3 | . . . . . . . . . . . 3 Protomatter Created 779 | . 26 . 188 13 . . 106 . 103 152 191 Integrity Restored 1410 | . 30 . 280 244 . . 287 28 240 108 193 Core 762 | . . . 134 94 . . 167 26 180 52 109 Parts 648 | . 30 . 146 150 . . 120 2 60 56 84 Protomatter Decayed 598 | . 15 59 179 . . . 33 44 18 126 124 Game ------ Seed ThunderCoilDatajack Manual? 0 Play Time 01:04:17 Cumulative 240.1 hours Start 2022.06.11 @ 19:18:55 End 2022.06.11 @ 22:38:32 Sessions 3 Manual Loads 0 Difficulty Explorer Special Mode Winter2019/RPGLIKE Game No. 81 Rogue 0 Adventurer 1 Explorer 80 Win Type - Total 16 Types 9/0/4/3/0/0/0/0/0 Lore% 86 Gallery% 86 Achievement% 73 Wizard Run 0 Options --------- ASCII 0 Keyboard 1 Movement Numpad Keybinds 0 Fullscreen 0 Font 14/Terminus Map View 76x50 Tactical HUD 1 Map Filters BRIGHTNESS(150) Filters NONE Steam 1 RUN: 5c43bdc0-8df3-4c84-8f8e-5b225a8aed17